 Dungeon Crawl Stone Soup version 0.18.1-48-g4cf74bf (webtiles) character file.

368 Alarkh the Poker (level 6, 0/44 HPs)
             Began as a Mummy Skald on July 30, 2016.
             Slain by a gnoll
             ... wielding a +0 flail
              (11 damage)
             ... on level 4 of the Dungeon.
             The game lasted 00:06:44 (5030 turns).

Alarkh the Poker (Mummy Skald)                      Turns: 5030, Time: 00:06:44

Health: 0/44       AC:  5    Str: 16    XL:     6   Next: 41%
Magic:  7/9        EV: 11    Int: 13    God:
Gold:   245        SH:  0    Dex: 11    Spells: 3 memorised, 3 levels left

rFire  x . .     SeeInvis .     a - +0 spear
rCold  + . .     Gourm    .     b - +0 leather armour
rNeg   + + +     Faith    .     (no shield)
rPois  ∞         Spirit   .     n - +0 helmet
rElec  .         Dismiss  .     (no cloak)
rCorr  .         Reflect  .     (no gloves)
SustAt .         Harm     .     f - +0 pair of boots
MR     .....                    (no amulet)
Stlth  +.........               (no ring)
                                (no ring)

@: infused (expiring), not resistant to hostile enchantments, very unstealthy
A: no food or potions, fire vulnerability, cold resistance 1, negative energy
resistance 3, torment resistance, unbreathing
a: no special abilities


You were on level 4 of the Dungeon.
You were not hungry.

You visited 2 branches of the dungeon, and saw 5 of its levels.

You collected 245 gold pieces.

Inventory:

Hand Weapons
 a - a +0 spear (weapon)
Armour
 b - a +0 leather armour (worn)
 f - a +0 pair of boots (worn)
 n - a +0 helmet (worn)
Scrolls
 e - 2 scrolls of enchant weapon
 i - 2 scrolls of amnesia
 j - a scroll of noise
 k - a scroll of immolation
 l - a scroll of random uselessness {unknown}
 m - 2 scrolls of recharging {unknown}
Books
 c - a book of Battle

   Spells                             Type                      Level
   a - Infusion                       Charms                       1
   b - Shroud of Golubria             Charms/Translocation         2
   c - Song of Slaying                Charms                       2
   d - Spectral Weapon                Hexes/Charms                 3
   e - Regeneration                   Charms/Necromancy            3


   Skills:
 - Level 2.0 Fighting
 + Level 5.7 Polearms
 - Level 0.7 Armour
 - Level 0.7 Dodging
 - Level 2.0 Spellcasting
 - Level 2.4 Charms


You had 3 spell levels left.
You knew the following spells:

 Your Spells              Type           Power        Failure   Level  Hunger
a - Infusion              Chrm           #...         14%         1    N/A
b - Shroud of Golubria    Chrm/Tloc      #.........   30%         2    N/A
c - Spectral Weapon       Hex/Chrm       #.......     65%         3    N/A

Dungeon Overview and Level Annotations

Branches:
Dungeon (4/15)             Temple (1/1) D:4

Altars:
Ashenzari
Cheibriados
Dithmenos
Elyvilon
Kikubaaqudgha
Nemelex Xobeh
Okawaru
Pakellas
Ru
Sif Muna
Trog
Vehumet
Xom
Zin
The Shining One

Annotations:
D:3 Sigmund
D:4 Edmund


Innate Abilities, Weirdness & Mutations

You do not eat or drink.
Your flesh is vulnerable to fire.
You are immune to poison.
Your flesh is cold resistant.
You are immune to negative energy.
You are immune to unholy pain and torment.
You can survive without breathing.


Message History

Aim: a gnoll, wielding a flail (moderately wounded)
You reach to attack!
You hit the gnoll.
The gnoll is heavily wounded.
Attack whom?
Press: ? - help, Dir - move target cursor, f/p - gnoll
Aim: a gnoll, wielding a flail (heavily wounded)
You completely miss the gnoll.
The gnoll is heavily wounded.
Attack whom?
Press: ? - help, Dir - move target cursor, f/p - gnoll
Aim: a gnoll, wielding a flail (heavily wounded)
You barely miss the gnoll.
The gnoll is heavily wounded.
The gnoll hits you with a flail!
* * * LOW HITPOINT WARNING * * *
Your magical infusion is running out.
You hit the gnoll.
The gnoll is severely wounded.
The gnoll hits you with a flail!
You die...

#<.....## ###..........#
#......# #...⌠...##...#
......## #........##..#
..##### #.⌠.>.⌠...#..#
.## ### #............. ##
###.# #...⌠.....###. #
###...# ###........## #(
#.....####..........# #.
####...g@...........####.
#.g.###......#....##..
##g### ##...#......##..
...# .. ##..#
#...#..........
....#...##..g#
#...#..........
.....#.......##
#.........##...
#........###g.##
##.......###... .#......#
##..#####........##...
..#....#
##...............#...


You could see 3 gnolls.

Vanquished Creatures
  An ogre (D:4)
  The ghost of Heedrag the Conjurer, a weakling DECj (D:3)
  An orc priest (D:4)
  An iguana (D:4)
  Robin (D:3)
  4 adders
  An adder skeleton (D:4)
  6 worms
  A dart slug (D:3)
  5 giant geckos
  9 orcs
  6 giant cockroaches
  17 goblins
  9 hobgoblins
  7 jackals (D:2)
  12 kobolds
  A quokka (D:4)
  2 ball pythons
  13 bats
  5 giant newts
  9 rats
112 creatures vanquished.

Notes
Turn   | Place    | Note
--------------------------------------------------------------
     0 | D:1      | Alarkh the Mummy Skald began the quest for the Orb.
     0 | D:1      | Reached XP level 1. HP: 16/16 MP: 3/3
   234 | D:1      | Reached skill level 2 in Polearms
   283 | D:1      | Reached XP level 2. HP: 22/22 MP: 1/5
   898 | D:2      | Reached XP level 3. HP: 27/27 MP: 4/6
   977 | D:2      | Reached skill level 3 in Polearms
  1281 | D:4      | Found a staircase to the Ecumenical Temple.
  1385 | Temple   | Entered the Ecumenical Temple
  1716 | D:2      | Reached XP level 4. HP: 33/33 MP: 4/7
  2129 | D:2      | Reached skill level 4 in Polearms
  2419 | D:3      | Noticed Heedrag's ghost (weakling DECj)
  2441 | D:3      | Killed Heedrag's ghost
  2441 | D:3      | Reached XP level 5. HP: 20/38 MP: 4/8
  2562 | D:3      | Found a snail-covered altar of Cheibriados.
  2690 | D:3      | Noticed Sigmund
  3092 | D:3      | Noticed Robin
  3455 | D:3      | Killed Robin
  3926 | D:4      | Found an iron altar of Okawaru.
  3956 | D:4      | Reached skill level 5 in Polearms
  3996 | D:4      | Learned a level 2 spell: Shroud of Golubria
  4007 | D:4      | Learned a level 3 spell: Spectral Weapon
  4056 | D:4      | Reached XP level 6. HP: 33/44 MP: 2/9
  4093 | D:4      | Found a glowing golden altar of the Shining One.
  4119 | D:4      | Got a bloodstained flail
  4120 | D:4      | Identified the cursed +1 flail of the End {drain, Str+5} (You found it on level 4 of the Dungeon)
  4510 | D:4      | Noticed Edmund
  5030 | D:4      | Slain by a gnoll

Skill      XL: |  1  2  3  4  5 |
---------------+----------------+-----
Polearms       | 2 3 4 5 |  5.7
Fighting       | |  2.0
Armour         | |  0.7
Dodging        | |  0.7
Spellcasting   | |  2.0
Charms         | |  2.4

Action                   |  1- 3 |  4- 6 || total
-------------------------+-------+-------++-------
Melee: Spear             |   171 |   331 ||   502
 Cast: Infusion          |    21 |    39 ||    60
  Use: Scroll            |       |     7 ||     7
 Stab: Sleeping          |       |     1 ||     1
       Distracted        |       |     1 ||     1
Armor: Leather armour    |    58 |    89 ||   147
Dodge: Dodged            |   100 |   162 ||   262
